 Dungeon Crawl Stone Soup version 0.26-a0-651-gb41185065b (webtiles) character file.

Game seed: 10120551805954482486

6871 Flugslaktarn the Cleaver (level 10, -24/98 HPs)
             Began as a Deep Dwarf Fighter on Oct 8, 2020.
             Was a High Priest of Makhleb.
             Killed from afar by Fannar (30 damage)
             ... with a bolt of cold
             ... on level 10 of the Dungeon.
             The game lasted 00:03:50 (4861 turns).

Flugslaktarn the Cleaver (Deep Dwarf Fighter)       Turns: 4861, Time: 00:03:51

Health: -24/98     AC: 15    Str: 23    XL:     10   Next: 78%
Magic:  4/4        EV:  5    Int:  9    God:    Makhleb [*****.]
Gold:   282        SH: 11    Dex: 12    Spells: 9/9 levels left

rFire    . . .     SeeInvis +   u - +2 war axe (flame)
rCold    . . .     Faith    +   c - +0 kite shield
rNeg     . . .     Spirit   .   y - +0 plate armour
rPois    .         Reflect  .   (no helmet)
rElec    .         Harm     .   e - +0 cloak
rCorr    +         Rampage  .   (no gloves)
MR       +....                  a - +0 pair of boots of the Doldrums {SInv}
Stlth    ..........             v - amulet of faith
HPRegen  0.00/turn              (no ring)
MPRegen  0.09/turn              k - ring of resist corrosion

@: mighty, lethally poisoned (-24 -> -24), non-regenerating, lightly drained
A: damage resistance, heal wounds, sense surroundings 2, no regeneration
a: Heal Wounds, Minor Destruction, Lesser Servant of Makhleb, Major Destruction,
Greater Servant of Makhleb, Renounce Religion


You were on level 10 of the Dungeon.
You worshipped Makhleb.
Makhleb was extremely pleased with you.
You visited 1 branch of the dungeon, and saw 10 of its levels.

You collected 491 gold pieces.
You spent 209 gold pieces at shops.

Inventory:

Hand Weapons
 g - a +0 broad axe
   (You took it off Maggie on level 7 of the Dungeon)
 u - a +2 war axe of flaming (weapon)
   (You took it off an orc on level 7 of the Dungeon)
Armour
 a - the +0 pair of boots of the Doldrums (worn) {SInv}
   (You bought it in a shop on level 6 of the Dungeon)

   It lets you see invisible.
 b - a +0 scale mail
 c - a +0 kite shield (worn)
 e - a +0 cloak (worn)
   (You found it on level 5 of the Dungeon)
 y - a +0 plate armour (worn)
   (You found it on level 6 of the Dungeon)
Jewellery
 k - a ring of resist corrosion (right hand)
   (You found it on level 7 of the Dungeon)
 v - an amulet of faith (around neck)
   (You found it on level 4 of the Dungeon)
Wands
 i - a wand of paralysis (14)
   (You found it on level 8 of the Dungeon)
 o - a wand of enslavement (8)
   (You found it on level 8 of the Dungeon)
Scrolls
 h - a scroll of amnesia
 j - 2 scrolls of immolation
 l - a scroll of magic mapping
 m - a scroll of fog
 p - a scroll of noise {unknown}
 r - 5 scrolls of identify
 x - 4 scrolls of remove curse
 z - a scroll of blinking
Potions
 d - a potion of might
 f - 2 potions of flight
 n - 2 potions of resistance
 q - 2 potions of curing
 w - 3 potions of heal wounds


   Skills:
 * Level 8.6(8.2) Fighting
 * Level 10.0(9.6) Axes
 + Level 7.6(7.2) Armour
 + Level 7.6(7.2) Shields
 + Level 7.5(7.2) Invocations
 + Level 3.3(3.0) Evocations


You had 9 spell levels left.
You didn't know any spells.
Your spell library was empty.

Dungeon Overview and Level Annotations

Branches:
Dungeon (10/15)            Temple (0/1) D:6            Lair (0/6) D:10
    Orc (0/2) D:10

Altars:
Ashenzari
Dithmenos
Gozag
Makhleb
Ru
Uskayaw
Vehumet
Wu Jian
Beogh

Shops:
D:6 [   D:9 ((*=(

Annotations:
D:2 2 transporters
D:4 3 runed translucent doors, Flugslaktarn's ghost, amateur DDFi
D:8 3 runed translucent doors, Wiebster667's ghost, novice OpAE
D:10 Fannar


Innate Abilities, Weirdness & Mutations

You are resistant to damage.
You can heal yourself by infusing magical energy.
You passively map the area around you.
You do not regenerate.


Message History

Fannar murmurs some mystic words to themself.
Fannar hits you but does no damage. x2; Fannar freezes you.
You block the ice beast's attack.
You barely miss Fannar.
Fannar is severely wounded.
Your plate armour prevents you from hitting the ice beast.
Fannar mumbles some strange words.
Fannar drains the heat from the surrounding environment!
You feel very cold.
* * * LOW HITPOINT WARNING * * *
Fannar is frozen.
Fannar resists.
You block the ice beast's attack.
You closely miss Fannar.
Fannar is severely wounded.
You barely miss the ice beast. Fannar hits you but does no damage.
Fannar freezes you!
* * * LOW HITPOINT WARNING * * *
Fannar says, "I shall freeze you to your soul!"
Fannar points at you and mumbles some strange words.
The bolt of cold hits you!!
You die...

#. , * * #.., #### #..
#####..# * ,,
##..##..##..# ,, *,, ,,
............# ' , #
............# ,* .#,
######†)##..# '# ,
#######'##..######..##*
*
...............)@....#
.....)).........Ye...#
.....))..............#
..##.))).............#
..##'##8'8#####8'8##.#
..#..#......8......###
..#..#.............#
..#..#...⌠.._..⌠...#
>.##.#......... *


You could see Fannar (fast) and an ice beast (summoned).

Vanquished Creatures
  A two-headed ogre (D:9)
  Nergalle (D:10)
  Maggie (D:7)
  A troll (D:10)
  2 hippogriffs
  A wraith (D:10)
  A vampire (D:9)
  Grum (D:10)
  4 orc warriors
  2 sky beasts
  A black bear (D:9)
  2 ice beasts
  A phantom (D:6)
  6 wolves (D:10)
  5 ogres
  2 centaurs
  A big kobold (D:8)
  9 bullfrogs
  A water moccasin zombie (D:10)
  A scorpion (D:6)
  3 electric eels (D:10)
  2 howler monkeys (D:9)
  2 centaur zombies
  8 hounds
  A bullfrog skeleton (D:8)
  A jelly (D:5)
  12 orc priests
  8 orc wizards
  2 iguanas
  8 worker ants
  A hound zombie (D:6)
  A worker ant zombie (D:7)
  11 adders
  2 shadow imps (D:5)
  2 ufetubi
  2 adder skeletons (D:5)
  4 worms
  A dart slug (D:1)
  A leopard gecko (D:8)
  64 orcs
  A ball python (D:6)
  A bat (D:2)
  A goblin (D:3)
  A hobgoblin (D:2)
  3 kobolds
  5 quokkas
  2 frilled lizards
  A quokka zombie (D:6)
  A rat (D:1)
196 creatures vanquished.

Vanquished Creatures (others)
  An orc wizard (D:7)
  3 plants
4 creatures vanquished.

Grand Total: 200 creatures vanquished

Notes
Turn   | Place    | Note
-------+----------+-------------------------------------------
     0 | D:1      | Flugslaktarn the Deep Dwarf Fighter began the quest for the
                  | Orb.
     0 | D:1      | Reached XP level 1. HP: 20/20 MP: 1/1
    62 | D:2      | Noticed an orc warrior
    63 | D:2      | Found an ornate altar of the Wu Jian Council.
    63 | D:2      | Found a transporter.
    72 | D:2      | Found a transporter.
   133 | D:2      | Reached XP level 2. HP: 18/27 MP: 2/2
   308 | D:4      | Reached XP level 3. HP: 16/34 MP: 3/3
   320 | D:4      | Reached skill level 3 in Axes
   370 | D:4      | Found a runed translucent gate.
   375 | D:4      | Found a runed translucent gate.
   375 | D:4      | Found a runed translucent gate.
   466 | D:4      | Identified the Catalogue of Destiny
   470 | D:5      | Entered Level 5 of the Dungeon
   482 | D:4      | Noticed Flugslaktarn's ghost (amateur DDFi)
   529 | D:4      | Reached XP level 4. HP: 25/42 MP: 3/3
   818 | D:4      | Found an opulent altar of Gozag.
   819 | D:4      | Found a burning altar of Makhleb.
   833 | D:4      | Became a worshipper of Makhleb the Destroyer
  1416 | D:5      | Reached XP level 5. HP: 36/50 MP: 4/4
  1482 | D:5      | Found a shadowy altar of Dithmenos.
  1529 | D:5      | Reached skill level 4 in Axes
  1549 | D:5      | Reached skill level 1 in Invocations
  1559 | D:5      | Noticed a sky beast
  1569 | D:5      | Reached * piety under Makhleb
  1631 | D:5      | Killed a sky beast
  1631 | D:5      | Reached XP level 6. HP: 46/57 MP: 3/5
  1711 | D:5      | Found a sacrificial altar of Ru.
  1731 | D:5      | Found a broken altar of Ashenzari.
  2008 | D:6      | Found an ornate altar of the Wu Jian Council.
  2015 | D:6      | Reached XP level 7. HP: 46/66 MP: 5/5
  2016 | D:6      | Reached skill level 5 in Axes
  2063 | D:6      | Reached skill level 5 in Fighting
  2075 | D:6      | Found a staircase to the Ecumenical Temple.
  2219 | D:6      | Reached skill level 5 in Shields
  2263 | D:6      | Reached skill level 5 in Armour
  2263 | D:6      | Reached XP level 8. HP: 58/75 MP: 7/7
  2263 | D:6      | Reached skill level 6 in Axes
  2263 | D:6      | Reached ** piety under Makhleb
  2267 | D:6      | Found Fivom's Antique Armour Emporium.
  2467 | D:7      | Noticed a hippogriff
  2475 | D:7      | Killed a hippogriff
  2510 | D:7      | Reached skill level 7 in Axes
  2560 | D:7      | Noticed Maggie
  2572 | D:7      | Reached skill level 5 in Invocations
  2572 | D:7      | Gained mutation: You passively map the area around you.
                  | [Deep Dwarf growth]
  2572 | D:7      | Reached XP level 9. HP: 35/85 MP: 8/8
  2580 | D:7      | Killed Maggie
  2584 | D:7      | Reached *** piety under Makhleb
  3112 | D:8      | Reached skill level 8 in Axes
  3292 | D:8      | Reached **** piety under Makhleb
  3387 | D:8      | Found a runed translucent gate.
  3387 | D:8      | Found an opulent altar of Gozag.
  3387 | D:8      | Found a runed translucent gate.
  3388 | D:8      | Found a runed translucent gate.
  3398 | D:8      | Noticed a manticore
  3398 | D:8      | Noticed Wiebster667's ghost (novice OpAE)
  3452 | D:8      | Found a radiant altar of Vehumet.
  3517 | D:9      | Found Fauv's Antique Weapon Shop.
  3652 | D:9      | Noticed a two-headed ogre
  3681 | D:9      | Killed a two-headed ogre
  3681 | D:9      | Reached skill level 9 in Axes
  3681 | D:9      | Reached XP level 10. HP: 86/96 MP: 8/8
  3755 | D:9      | Found a hide-covered altar of Uskayaw.
  3755 | D:9      | Noticed a +4 hand axe
  3756 | D:9      | Noticed a +0 hand axe
  3820 | D:9      | Found Nayczu's Antique Weapon Boutique.
  3859 | D:9      | Found Hekeh's Jewellery Boutique.
  4009 | D:9      | Found Deit's Antique Weapon Shop.
  4041 | D:9      | Reached skill level 1 in Evocations
  4160 | D:9      | Found Zaucsai's Assorted Antiques.
  4433 | D:6      | Bought a pair of heavily runed boots for 209 gold pieces
  4438 | D:6      | Identified the +0 pair of boots of the Doldrums {SInv} (You
                  | bought it in a shop on level 6 of the Dungeon)
  4522 | D:10     | Entered Level 10 of the Dungeon
  4537 | D:10     | Found a staircase to the Lair.
  4608 | D:10     | Noticed Grum
  4634 | D:10     | Killed Grum
  4760 | D:10     | Found a roughly hewn altar of Beogh.
  4760 | D:10     | Found a staircase to the Orcish Mines.
  4771 | D:10     | Reached ***** piety under Makhleb
  4803 | D:10     | Noticed Nergalle
  4825 | D:10     | Killed Nergalle
  4825 | D:10     | Reached skill level 10 in Axes
  4846 | D:10     | Noticed Fannar
  4861 | D:10     | Killed from afar by Fannar

Illustrated notes

Levels and vault maps discovered:
D:1:      minmay_arrival_solitary_statue, layout_basic, minmay_tripent
D:2:      layout_loops_ring, nemelex_xobeh_ov_fountains_minmay,
          okawaru_metal_pillars_1_2, gammafunk_temple_overflow_arena,
          lemuel_doored_altar, serial_park_tiny_1
D:3:      layout_loops_ring, overflow_temple_1_default,
          hangedman_decor_clover_reticule, nicolae_ru_sacrificial_ziggurat
D:4:      layout_layer_cave, gammafunk_temple_overflow_statue,
          gammafunk_ghost_split, guppyfry_early_lair_pool
D:5:      layout_rooms, cheibrodos_ashenzari_chains, kennysheep_little_box,
          nicolae_ossuary_entry_monument, minmay_misc_feat_x,
          nicolae_dithmenos_through_a_glass_darkly
D:6:      layout_rooms, minmay_temple_entry_waves, basic_altar, serial_shops,
          nicolae_shop_overgrown_old_shop
D:7:      layout_rooms, nicolae_overflow_hidden_temple, uniq_maggie
D:8:      wad_pebble_path, layout_basic, marbit_many_paths, ebering_ghost_gozag,
          minmay_bent
D:9:      layout_stronghold, dancing_weapons_uskayaw, serial_shops,
          nicolae_shop_waterfront, kennysheep_mini_moat, shop, shop,
          shop_fountains, item_on_display_a
D:10:     layout_gridville, erik_lair_island, david_orc_5, serial_glass,
          glass_columns_c, glass_columns_a, due_unseen_surprise, uniq_grum,
          uniq_nergalle, uniq_fannar

Skill      XL: |  1  2  3  4  5  6  7  8  9 10 |
---------------+-------------------------------+-----
Fighting       | 3 4 5 6 7 8 |  8.6
Axes           | 3 4 5 7 9 10 | 10.0
Shields        | 4 5 7 |  7.6
Armour         | 4 5 6 7 |  7.6
Invocations    | 1 2 3 5 6 7 |  7.5
Evocations     | 3 |  3.3

Action                   |  1- 3 |  4- 6 |  7- 9 | 10-12 || total
-------------------------+-------+-------+-------+-------++-------
Melee: War axe           |    77 |   158 |   298 |   134 ||   667
 Abil: Heal Wounds       |     1 |     9 |    12 |    11 ||    33
Evoke: Wand              |       |       |     1 |       ||     1
  Use: Scroll            |       |       |    12 |     3 ||    15
       Potion            |       |       |     2 |     3 ||     5
Armor: Scale mail        |    37 |    92 |    43 |       ||   172
       Plate armour      |       |       |   166 |   104 ||   270
Dodge: Dodged            |    27 |    50 |    77 |    42 ||   196
Block: Kite shield       |    38 |    82 |   195 |   122 ||   437

Table legend: (Time is in decaauts)
 A = Elapsed time spent in this place.
 B = Non-inter-level travel time spent in this place.
 C = Inter-level travel time spent in this place.
 D = Time resting spent in this place.
 E = Time spent auto-exploring this place.
 F = Levels seen in this place.
 G = Mean time per level.
                   A        B        C        D        E       F      G
               +--------+--------+--------+--------+--------+-----+--------+
         Total |   5037 |   4634 |    403 |      0 |   3312 |  10 |  503.7 |
       Dungeon |   5037 |   4634 |    403 |      0 |   3312 |  10 |  503.7 |
               +--------+--------+--------+--------+--------+-----+--------+

Top non-repeatable levels by time:
     D:4: 1148 daAuts
     D:9: 916 daAuts
     D:5: 666 daAuts
     D:7: 616 daAuts
     D:8: 570 daAuts
     D:6: 489 daAuts
    D:10: 359 daAuts
     D:2: 117 daAuts
     D:3: 101 daAuts
     D:1: 49 daAuts
